 Dungeon Crawl Stone Soup version 0.29.0-4-gdea44cf6ec (webtiles) character file.

Game seed: 2113063916894649777

150 qw the Chopper (level 5, 0/30 HPs)
             Began as a Tengu Warper on Aug 28, 2022.
             Was an Initiate of Okawaru.
             Slain by a gnoll
             ... wielding a +0 flail
             ... led by a gnoll bouda
              (9 damage)
             ... on level 4 of the Dungeon.
             The game lasted 00:00:21 (4019 turns).

qw the Chopper (Tengu Warper)                       Turns: 4019, Time: 00:00:22

Health: 0/30       AC: 10    Str: 14    XL:     5   Next: 32%
Magic:  9/9        EV:  7    Int: 13    God:    Okawaru [......]
Gold:   111        SH:  4    Dex: 13    Spells: 8/8 levels left

rFire   . . .      SeeInvis .   Y - +0 hand axe
rCold   . . .      Faith    .   k - +0 buckler
rNeg    . . .      Spirit   .   m - +0 chain mail
rPois   +          Reflect  .   n - +2 hat
rElec   .          Harm     .   i - scarf {repulsion}
rCorr   .          Rampage  .   (no gloves)
Will    .....                   (boots unavailable)
Stlth   ..........              (no amulet)
HPRegen 0.10/turn               h - ring of poison resistance
MPRegen 0.11/turn               (no ring)

@: weakened, flying quickly and evasively, repel missiles, quick
A: beak, talons 3, nimble flight, subdued magic 1
a: Renounce Religion


You were on level 4 of the Dungeon.
You worshipped Okawaru.
Okawaru was noncommittal.
You visited 2 branches of the dungeon, and saw 5 of its levels.

You collected 111 gold pieces.


Innate Abilities, Weirdness & Mutations

You have a beak for a mouth.
You have claws for feet.
Your magical nature lets you fly swiftly and evasively.
Your spells are a little easier to cast, but a little less powerful.


   Skills:
 - Level 2.0 Fighting
 + Level 5.5 Axes
 - Level 1.0 Throwing
 - Level 1.1 Armour
 - Level 2.1 Dodging
 - Level 1.4 Shields
 - Level 2.0 Spellcasting
 - Level 2.4 Translocations


You had 8 spell levels left.
You didn't know any spells.
Your spell library contained the following spells:

 Spells                   Type           Power      Damage    Failure   Level
 Blink                    Tloc           10%        N/A       99%         2
 Gell's Gravitas          Tloc           5%         N/A       100%        3
 Lesser Beckoning         Tloc           5%         N/A       100%        3
 Teleport Other           Tloc           5%         N/A       100%        3
 Manifold Assault         Tloc           5%         N/A       100%        5

Inventory:

Hand Weapons
 a - a +1 flail of holy wrath
 Y - a +0 hand axe (weapon)
Armour
 i - a scarf of repulsion (worn)
 k - a +0 buckler (worn)
 m - a +0 chain mail (worn)
 n - a +2 hat (worn)
Jewellery
 b - a ring of protection from cold
 h - a ring of poison resistance (left hand)
Scrolls
 e - a scroll of enchant weapon {unknown}
Potions
 c - a potion of ambrosia {unknown}
 d - 2 potions of curing
 f - a potion of brilliance {unknown}
 g - a potion of mutation
 l - a potion of berserk rage {unknown}

Dungeon Overview and Level Annotations

Branches:
Dungeon (4/15)             Temple (1/1) D:4

Altars:
Gozag
Hepliaklqana
Nemelex Xobeh
Okawaru
Qazlal
Uskayaw
Vehumet
Zin

Shops:
D:2 (

Annotations:
D:3 1 runed translucent door, Crazy Yiuf


Message History

A gnoll bouda comes into view. It is wielding a +0 club.
The gnoll bouda shouts! 2 gnolls come into view.
The gnoll shouts! x2; You hear an angry hiss.
An adder comes into view.
You hit the gnoll bouda but do no damage.
You claw the gnoll bouda, but do no damage.
You peck the gnoll bouda, but do no damage.
You closely miss the gnoll bouda. You claw the gnoll bouda.
The gnoll bouda is moderately wounded.
You block the gnoll bouda's attack. The gnoll hits you with a +0 flail.
The gnoll bouda barks out a call to the hunt!
The gnolls pick up the pace!
You hit the gnoll bouda. You peck the gnoll bouda.
The gnoll bouda is heavily wounded.
You hit the gnoll. The gnoll hits you with a +0 flail.
The gnoll bouda barely misses you.
You hit the gnoll bouda.
You claw the gnoll bouda, but do no damage.
The gnoll bouda is heavily wounded.
You hit the gnoll.
The gnoll bouda hits you but does no damage.
The gnoll hits you with a +0 flail.
You closely miss the gnoll bouda. You claw the gnoll bouda.
The gnoll bouda is severely wounded.
You hit the gnoll.
The gnoll bouda hits you with a +0 club.
The gnoll hits you with a +0 flail.
You hit the gnoll bouda but do no damage.
The gnoll bouda is severely wounded.
You closely miss the gnoll. The gnoll hits you with a +0 flail.
The gnoll bouda gazes fiercely through you!
You feel your attacks grow feeble. The gnoll bouda barely misses you.
You barely miss the gnoll bouda.
The gnoll bouda is severely wounded.
You barely miss the gnoll. The gnoll hits you with a +0 flail!
You die...

........# ........#
........# ...#.....
........# # ........
........# .#.#..... #
.......g# ....... .#
.....Sgg######.#.####.#
#@.........##...
#..........##.#
#....)..#.....####
######...##.......
###.##.#..>..
..##.#...##
#####.#.#... ....#...
#.#####.#


You could see a gnoll bouda, 2 gnolls and an adder.

Vanquished Creatures
  Jessica (D:3)
  A gnoll (D:4)
  3 adders
  4 worms
  6 dart slugs
  An orc (D:3)
  3 endoplasms
  3 giant cockroaches
  7 goblins
  3 hobgoblins
  9 jackals
  4 ball pythons
  8 bats
  A frilled lizard (D:2)
  6 kobolds
  4 rats
64 creatures vanquished.

Vanquished Creatures (others)
  A plant (D:1)
1 creature vanquished.

Grand Total: 65 creatures vanquished

Notes
Turn   | Place    | Note
-------+----------+-------------------------------------------
     0 | D:1      | qw the Tengu Warper began the quest for the Orb.
     0 | D:1      | Reached XP level 1. HP: 12/12 MP: 4/4
     0 | D:1      | 0 ||| qw: Version: 0.1-a-89-g26bdef1
     0 | D:1      | 0 ||| qw: Game counter: 3012
     0 | D:1      | 0 ||| qw: Always use a shield: true
     0 | D:1      | 0 ||| qw: God list: Okawaru
     0 | D:1      | 0 ||| qw: Allow faded altars: false
     0 | D:1      | 0 ||| qw: Do Orc after D:15 true
     0 | D:1      | 0 ||| qw: Do second Lair branch before Depths: true
     0 | D:1      | 0 ||| qw: Lair rune preference: random
     0 | D:1      | 0 ||| qw: Plans: Normal
     0 | D:1      | 0 ||| PLANNING D:1-11
    36 | D:1      | 36 ||| Stepping ~*~*~tactically~*~*~ (stealth).
   385 | D:1      | 385 ||| Stepping ~*~*~tactically~*~*~ (hiding).
   391 | D:1      | Reached skill level 3 in Axes
   391 | D:1      | Reached XP level 2. HP: 13/17 MP: 6/6
   546 | D:1      | 546 ||| Stepping ~*~*~tactically~*~*~ (hiding).
  1034 | D:1      | Found a faded altar of an unknown god.
  1230 | D:1      | 1230 ||| UPGRADING to +0 ring mail.
  1240 | D:1      | 1240 ||| DROPPING +0 leather armour.
  1241 | D:1      | 1241 ||| UPGRADING to scarf of repulsion.
  1246 | D:1      | 1246 ||| UPGRADING to +0 buckler.
  1251 | D:1      | 1251 ||| READING scroll labelled IDYFFI QAPS.
  1255 | D:1      | 1255 ||| READING scroll labelled POPSEGRAIG.
  1256 | D:1      | 1256 ||| READING scroll labelled SOUGOJOOSI.
  1257 | D:1      | 1257 ||| READING scroll labelled BAREMA MOKHIAGUY.
  1258 | D:1      | 1258 ||| READING scroll labelled OHUFYT DAOGUW.
  1259 | D:1      | 1259 ||| DRINKING 2 inky potions.
  1259 | D:1      | Gained mutation: Your spells are a little easier to cast,
                  | but a little less powerful. [potion of mutation]
  1260 | D:1      | 1260 ||| DROPPING scroll of blinking.
  1360 | D:2      | Reached XP level 3. HP: 21/21 MP: 7/7
  1369 | D:2      | 1369 ||| DROPPING +0 club.
  1398 | D:2      | Found Ifewuykh's Weapon Emporium.
  1449 | D:2      | Reached skill level 1 in Shields
  1891 | D:2      | 1891 ||| Stepping ~*~*~tactically~*~*~ (stealth).
  1892 | D:2      | 1892 ||| Stepping ~*~*~tactically~*~*~ (stealth).
  2204 | D:2      | Reached skill level 4 in Axes
  2377 | D:2      | You fall into a shaft and drop 1 floor!
  2406 | D:3      | Noticed Jessica
  2413 | D:3      | Killed Jessica
  2414 | D:3      | Reached XP level 4. HP: 22/26 MP: 8/8
  2524 | D:3      | 2524 ||| Stepping ~*~*~tactically~*~*~ (stealth).
  3002 | D:3      | Found a runed translucent door.
  3003 | D:3      | Noticed Crazy Yiuf
  3149 | D:3      | 3149 ||| Stepping ~*~*~tactically~*~*~ (hiding).
  3232 | D:3      | Reached skill level 5 in Axes
  3381 | D:3      | 3381 ||| Stepping ~*~*~tactically~*~*~ (stealth).
  3392 | D:3      | Gained mutation: Your magical nature lets you fly swiftly
                  | and evasively. [Tengu growth]
  3392 | D:3      | Reached XP level 5. HP: 25/30 MP: 9/9
  3751 | D:3      | 3751 ||| UPGRADING to +0 chain mail.
  3761 | D:3      | 3761 ||| DROPPING +0 ring mail.
  3762 | D:3      | 3762 ||| UPGRADING to +2 hat.
  3767 | D:3      | 3767 ||| UPGRADING to ring of poison resistance.
  3768 | D:3      | 3768 ||| READING scroll labelled VIUSAI VY UBEO.
  3769 | D:3      | 3769 ||| READING scroll labelled GEFERE OXTOOJ.
  3770 | D:3      | 3770 ||| DRINKING 3 amethyst potions.
  3771 | D:3      | 3771 ||| DRINKING 2 yellow potions.
  3786 | D:3      | 3786 ||| DROPPING potion of lignification.
  3832 | D:4      | Found a staircase to the Ecumenical Temple.
  3833 | D:4      | 3833 ||| PLANNING TEMPLE
  3855 | Temple   | Entered the Ecumenical Temple
  3863 | Temple   | Became a worshipper of Warmaster Okawaru
  3864 | Temple   | 3864 ||| READING scroll of teleportation.
  3865 | Temple   | 3865 ||| PLANNING D:1-11
  4019 | D:4      | Slain by a gnoll

Levels and vault maps discovered:
D:1:      matt_arrival_diagonals, layout_basic,
          hellmonk_ecumenical_altar_inner_sanctum,
          chequers_serial_rivers_micro_d, serial_bayou_lagoon_b
D:2:      layout_loops_corners, serial_shops, nicolae_shop_bloodbath_and_beyond,
          kennysheep_small_spiral
D:3:      layout_loops_ring, uniq_jessica, uniq_crazy_yiuf_cottage
D:4:      kennysheep_the_goblin_king, layout_basic, grunt_dithmenos_smoke,
          minmay_temple_entry_drinking_statues, uniq_edmund
Temple:   hellmonk_temple_rainy

Skill      XL: |  1  2  3  4 |
---------------+-------------+-----
Axes           | 3 4 5 |  5.5
Shields        | 1 |  1.4
Fighting       | |  2.0
Throwing       | |  1.0
Armour         | |  1.1
Dodging        | |  2.1
Spellcasting   | |  2.0
Translocations | |  2.4

Action                   |  1- 3 |  4- 6 || total
-------------------------+-------+-------++-------
Melee: Hand axe          |    90 |   100 ||   190
       Kick              |    14 |    32 ||    46
       Peck              |    14 |    14 ||    28
Throw: Boomerang         |     7 |       ||     7
  Use: Scroll            |     5 |     3 ||     8
       Potion            |     1 |     2 ||     3
Armor: Leather armour    |    11 |       ||    11
       Ring mail         |    20 |    26 ||    46
       Chain mail        |       |    12 ||    12
Dodge: Dodged            |    44 |    35 ||    79
       Repelled          |       |     1 ||     1
Block: Buckler           |     9 |    14 ||    23

Table legend:
 A = Non-vault XP
 B = Vault XP
 C = Vault XP percentage of total XP
 D = Non-vault monster count
 E = Vault monster count
 F = Vault count percentage of total count
                 A         B        C        D         E       F
            +---------+---------+-------+---------+---------+-------
      Total |     178 |      37 |  17.2 |      63 |       1 |   1.6
            +---------+---------+-------+---------+---------+-------
        D:1 |      28 |       0 |   0.0 |      15 |       0 |   0.0
        D:2 |      45 |       0 |   0.0 |      16 |       0 |   0.0
        D:3 |      62 |      37 |  37.4 |      24 |       1 |   4.0
        D:4 |      43 |       0 |   0.0 |       8 |       0 |   0.0
            +---------+---------+-------+---------+---------+-------
